 Dungeon Crawl Stone Soup version 0.23.2-40-g277498a001 (webtiles) character file.

Game seed: 11697899395003309383

34 Deathwalker the Ducker (level 3, 0/27 HPs)
             Began as a Human Warper on Aug 19, 2019.
             Slain by a quasit (1 damage)
             ... on level 2 of the Dungeon.
             The game lasted 00:05:38 (1079 turns).

Deathwalker the Ducker (Human Warper)               Turns: 1079, Time: 00:05:38

Health: 0/27       AC:  3    Str: 11      XL:     3   Next: 50%
Magic:  0/6        EV: 12    Int: 14      God:
Gold:   54         SH:  0    Dex:  7 (12) Spells: 2/6 levels left

rFire    . . .     SeeInvis .   a - +0 falchion
rCold    . . .     Gourm    .   (no shield)
rNeg     . . .     Faith    .   i - +1 robe {MR+}
rPois    .         Spirit   .   (no helmet)
rElec    .         Reflect  .   (no cloak)
rCorr    .         Harm     .   (no gloves)
MR       +....                  (no boots)
Stlth    +.........             (no amulet)
HPRegen  0.09/turn              (no ring)
MPRegen  0.10/turn              (no ring)

@: no status effects
A: no striking features
a: no special abilities


You were on level 2 of the Dungeon.
You were very hungry.

You visited 1 branch of the dungeon, and saw 2 of its levels.

You collected 54 gold pieces.

Inventory:

Hand Weapons
 a - a +0 falchion (weapon)
Missiles
 e - 5 tomahawks of dispersal (quivered)
Armour
 b - a +0 leather armour
 h - a +0 ring mail
 i - a +1 robe of magic resistance (worn)
 p - a +0 shield of fire resistance
Scrolls
 d - 2 scrolls of blinking
 g - 4 scrolls of remove curse {unknown}
 j - 3 scrolls of identify {unknown}
Potions
 c - a potion of cancellation {unknown}
Comestibles
 f - 2 rations


   Skills:
 - Level 2.0 Fighting
 - Level 2.0 Long Blades
 - Level 1.0 Throwing
 - Level 1.0 Armour
 * Level 3.2 Dodging
 + Level 2.4 Spellcasting
 - Level 3.0 Translocations


You had 2 spell levels left.
You knew the following spells:

 Your Spells              Type           Power        Failure   Level  Hunger
a - Blink                 Tloc           N/A          10%         2    ###....
b - Shroud of Golubria    Chrm/Tloc      #.........   19%         2    ###....

Your spell library contained the following spells:

 Spells                   Type           Power        Failure   Level  Hunger
 Gell's Gravitas          Tloc           ##........   21%         3    ###....
 Lesser Beckoning         Tloc           ##........   21%         3    ###....
 Teleport Other           Tloc           ##......     21%         3    ###....
 Passage of Golubria      Tloc           N/A          54%         4    #####..


Dungeon Overview and Level Annotations

Branches:
Dungeon (2/15)

Altars:


Message History

You closely miss the hobgoblin. The quasit barely misses you.
The quasit closely misses you. x2
The hobgoblin hits you but does no damage.
A hobgoblin comes into view. It is wielding a +0 club.
The quasit bites you.
* * * LOW HITPOINT WARNING * * *
The quasit closely misses you. The quasit misses you.
You barely miss the hobgoblin.
The hobgoblin hits you but does no damage.
The quasit closely misses you. The quasit barely misses you. x2
You hit the hobgoblin.
The hobgoblin is lightly wounded.
The quasit bites you but does no damage.
The quasit misses you. The quasit closely misses you.
The hobgoblin hits you but does no damage.
The quasit bites you.
* * * LOW HITPOINT WARNING * * *
You feel clumsy. The quasit barely misses you. The quasit claws you.
You die...

#..≈≈≈≈#≈≈#.
##+
#.##≈≈≈≈≈≈##.
#$# ≈#≈≈≈#≈≈.
#.#≈≈≈≈≈≈≈≈#
#.#≈≈#≈≈#≈#
#..# ≈≈≈≈≈ .
#..###≈≈# ...
#....#≈##g....
#
#....5@g...%..
..##.
#..###########
..... #.## ##.
#.# #. ..# ###
#####. #.##
..##..... .
#.#.###. ##
#<.###.
##....<


You could see a quasit and 2 hobgoblins.

Vanquished Creatures
  An adder (D:2)
  An ooze (D:1)
  A leopard gecko (D:1)
  4 hobgoblins (D:1)
  6 kobolds
  4 frilled lizards
  3 goblins
20 creatures vanquished.

Notes
Turn   | Place    | Note
-------+----------+-------------------------------------------
     0 | D:1      | Deathwalker the Human Warper began the quest for the Orb.
     0 | D:1      | Reached XP level 1. HP: 16/16 MP: 3/3
    90 | D:1      | Reached XP level 2. HP: 21/22 MP: 5/5
    94 | D:1      | Learned a level 2 spell: Blink
    97 | D:1      | Learned a level 2 spell: Shroud of Golubria
   430 | D:1      | Reached XP level 3. HP: 25/27 MP: 6/6
  1052 | D:2      | HP: 1/27 [quasit (2)]
  1079 | D:2      | HP: 1/27 [quasit (2)]
  1079 | D:2      | Slain by a quasit

Skill      XL: |  1  2 |
---------------+-------+-----
Dodging        | 3 |  3.2
Fighting       | |  2.0
Long Blades    | |  2.0
Throwing       | |  1.0
Armour         | |  1.0
Spellcasting   | |  2.4
Translocations | |  3.0

Action                   || total
-------------------------++-------
Melee: Falchion          ||    65
 Cast: Blink             ||     4
       Shroud of Golubri ||     3
Armor: Leather armour    ||     2
       Ring mail         ||     6
       Robe              ||    27
Dodge: Dodged            ||    88
       Rpst.: Falchion   ||    17
